Map: Overgrowth LE (Void)

Players

Fropez

  • Race: Protoss Protoss
  • League: Gold
  • Spawn Location: 1:00

StrangeDise - Winner!

  • Race: Protoss Protoss
  • League: Platinum
  • Spawn Location: 7:00

VOD

Have the link to the VOD?

Description

Time

  • Played on: Dec. 30, 2016, 2:39 p.m.
  • Length: 4:03
Show
View Real Time Build Order
Export as new Build Order

Fropez Protoss 

Build Orders: 1 Gate Expand 

Get SALT Encoding   

  12  0:03  Probe (Chrono Boost)  
  13  0:13  Probe (Chrono Boost)  
  14  0:22  Pylon  
  14  0:24  Probe (Chrono Boost)  
  15  0:41  Probe (Chrono Boost), Gateway  
  16  0:44  Assimilator  
  16  0:51  Probe (Chrono Boost)  
  17  1:02  Probe (Chrono Boost)  
  18  1:09  Pylon  
  18  1:13  Probe (Chrono Boost)  
  19  1:26  Nexus  
  19  1:31  Nexus  
  19  1:49  Probe (Chrono Boost)  
  19  1:53  Cybernetics Core  
  20  1:59  Assimilator  
  20  2:00  Probe (Chrono Boost)  
  21  2:09  Pylon  
  21  2:10  Probe (Chrono Boost)  
  22  2:21  Probe (Chrono Boost)  
  23  2:31  Probe (Chrono Boost)  
  23  2:32  Adept  
  27  2:45  Mothership Core (Chrono Boost)  
  27  2:46  Gateway  
  27  2:47  Probe (Chrono Boost)  
  28  2:58  Probe (Chrono Boost)  
  29  2:59  Adept  
  29  3:04  Twilight Council  
  31  3:09  Pylon  
  32  3:13  Probe (Chrono Boost)  
  32  3:14  Probe (Chrono Boost)  
  33  3:24  Pylon  
  33  3:25  Probe x2 (Chrono Boost)  
  35  3:33  Adept  
  37  3:37  Probe (Chrono Boost)  
  37  3:39  Probe (Chrono Boost)  
  40  3:49  Probe (Chrono Boost)  
  40  3:51  Assimilator  
  41  3:57  Pylon  
Show
View Real Time Build Order
Export as new Build Order

StrangeDise Protoss - Winner!

Build Orders: 1 Gate Expand 

Get SALT Encoding   

  12  0:03  Probe (Chrono Boost)  
  13  0:13  Probe (Chrono Boost)  
  14  0:17  Pylon  
  14  0:24  Probe (Chrono Boost)  
  16  0:35  Probe (Chrono Boost)  
  16  0:37  Gateway  
  16  0:46  Probe (Chrono Boost)  
  17  0:56  Probe (Chrono Boost)  
  18  1:14  Nexus  
  18  1:18  Probe (Chrono Boost)  
  19  1:26  Cybernetics Core  
  19  1:28  Assimilator  
  19  1:33  Assimilator  
  19  1:38  Probe (Chrono Boost)  
  20  1:46  Zealot  
  22  1:49  Probe (Chrono Boost)  
  23  2:05  Warp Gate  
  23  2:31  Mothership Core (Chrono Boost)  
  23  2:32  Probe (Chrono Boost)  
  23  2:36  Adept  
  28  2:42  Probe (Chrono Boost)  
  29  2:49  Probe (Chrono Boost)  
  30  2:53  Probe (Chrono Boost)  
  31  2:59  Probe (Chrono Boost)  
  31  3:02  Pylon  
  31  3:03  Probe (Chrono Boost)  
  33  3:10  Probe (Chrono Boost)  
  33  3:12  Assimilator  
  34  3:14  Probe (Chrono Boost)  
  34  3:16  Pylon  
  34  3:17  Assimilator  
  34  3:19  Gateway  
  35  3:20  Probe (Chrono Boost)  
  35  3:26  Robotics Facility  
  36  3:29  Pylon  
  36  3:37  Probe x2 (Chrono Boost)  
  38  3:44  Gateway  
  38  3:48  Probe x2 (Chrono Boost)  
Tags
 
Add a new tag
Caveats
  • Supply blocks, unpowered buildings, or Contaminate may cause inaccurate times.
  • Supply counts are checked every 10 seconds.